 Dungeon Crawl Stone Soup version 0.27-a0-1200-g94dc6ad4cf (webtiles) character file.

Game seed: 13555499677009069411

73 Shayle the Skirmisher (level 4, -3/48 HPs)
             Began as an Ogre Warper on June 1, 2021.
             Killed by nerve-wracking pain
             ... invoked by an orc priest
              (7 damage)
             ... on level 3 of the Dungeon.
             The game lasted 00:05:23 (2266 turns).

Shayle the Skirmisher (Ogre Warper)                 Turns: 2266, Time: 00:05:26

Health: -3/48      AC:  3    Str: 15    XL:     4   Next: 27%
Magic:  7/7        EV: 10    Int: 15    God:
Gold:   41         SH:  0    Dex:  8    Spells: 5/7 levels left

rFire    . . .     SeeInvis .   a - +0 mace
rCold    . . .     Faith    .   (no shield)
rNeg     . . .     Spirit   .   b - +0 robe
rPois    .         Reflect  .   (helmet restricted)
rElec    .         Harm     .   (no cloak)
rCorr    .         Rampage  .   (gloves unavailable)
Will     .....                  (boots unavailable)
Stlth    +.........             (no amulet)
HPRegen  0.16/turn              (no ring)
MPRegen  0.10/turn              (no ring)

@: no status effects
A: large, unfitting armour, tough skin 1
a: no special abilities


You were on level 3 of the Dungeon.
You visited 1 branch of the dungeon, and saw 3 of its levels.

You collected 41 gold pieces.

Inventory:

Hand Weapons
 a - a +0 mace (weapon)
Missiles
 e - 5 boomerangs of dispersal
 k - 14 poisoned darts (quivered)
Armour
 b - a +0 robe (worn)
 h - a +1 kite shield
Wands
 l - a wand of flame (9)
Scrolls
 c - a scroll of amnesia
 d - 2 scrolls of blinking
 j - a scroll of teleportation {unknown}
Potions
 f - a potion of flight {unknown}
 i - a potion of resistance


   Skills:
 + Level 3.8 Fighting
 + Level 2.5 Maces & Flails
 - Level 1.0 Throwing
 + Level 2.8 Dodging
 + Level 1.1 Shields
 - Level 2.4 Spellcasting
 - Level 2.6 Translocations


You had 5 spell levels left.
You knew the following spells:

 Your Spells              Type           Power      Damage    Failure   Level
a - Blink                 Tloc           N/A        N/A       11%         2

Your spell library contained the following spells:

 Spells                   Type           Power      Damage    Failure   Level
 Gell's Gravitas          Tloc           4%         N/A       22%         3
 Lesser Beckoning         Tloc           4%         N/A       22%         3
 Teleport Other           Tloc           9%         N/A       22%         3
 Manifold Assault         Tloc           9%         N/A       89%         5


Dungeon Overview and Level Annotations

Branches:
Dungeon (3/15)

Altars:
Ashenzari


Innate Abilities, Weirdness & Mutations

You are too large for most types of armour.
You have tough skin. (AC +1)


Message History

The orc priest invokes the aid of Beogh against you.
Beogh smites you!
You barely miss the orc priest. The orc priest misses you.
Unknown command.
You hit the orc priest.
The orc priest is moderately wounded.
The orc priest hits you with a +0 mace.
The orc priest hits you with a +0 hand axe.
The orc priest mumbles some strange prayers to Beogh against you.
Pain shoots through your body!
Unknown command.
You feel better.
The orc priest hits you with a +0 hand axe.
The orc priest closely misses you.
You sock the orc priest!
The orc priest is almost dead.
The orc priest calls upon Beogh to heal the orc priest.
The orc priest is healed somewhat.
The orc priest hits you but does no damage.
The orc priest invokes the aid of Beogh against you.
Pain shoots through your body!
You feel better. The orc priest hits you with a +0 mace.
The orc priest hits you with a +0 hand axe!
* * * LOW HITPOINT WARNING * * *
You closely miss the orc priest.
The orc priest is severely wounded.
The orc priest barely misses you.
The orc priest calls down the wrath of Beogh upon you.
Beogh smites you!
* * * LOW HITPOINT WARNING * * *
Unknown command.
You feel better. The orc priest barely misses you.
The orc priest looks satisfied for a moment.
You feel better.
The orc priest looks more healthy.
The orc priest mumbles some strange prayers to Beogh against you.
Beogh smites you!
* * * LOW HITPOINT WARNING * * *
The orc priest invokes the aid of Beogh against you.
Pain shoots through your body!
You die...

#.#. ###... .....
.###...###
.........#######
................
........<.(####
..........oo###
......<....@..#
......#..##.#.....P
......##.#### $..≈≈
###.## #.# ..≈≈ ...
#.# .≈≈ .. #.> ≈≈
.. ≈


You could see 2 orc priests.

Vanquished Creatures
  3 gnolls (D:2)
  An adder (D:2)
  2 worms (D:2)
  An orc (D:3)
  3 ball pythons
  3 endoplasms
  2 hobgoblins
  A jackal (D:3)
  2 kobolds
  3 bats
  3 frilled lizards
  6 rats (D:1)
30 creatures vanquished.

Notes
Turn   | Place    | Note
-------+----------+-------------------------------------------
     0 | D:1      | Shayle the Ogre Warper began the quest for the Orb.
     0 | D:1      | Reached XP level 1. HP: 22/22 MP: 3/3
   323 | D:1      | Reached skill level 3 in Fighting
   329 | D:1      | Reached XP level 2. HP: 27/31 MP: 5/5
   520 | D:1      | Found a faded altar of an unknown god.
   687 | D:1      | Learned a level 2 spell: Blink
  1122 | D:2      | Noticed a black bear
  1466 | D:2      | Reached XP level 3. HP: 13/37 MP: 6/6
  1873 | D:2      | Reached skill level 1 in Shields
  1875 | D:2      | Reached XP level 4. HP: 19/48 MP: 7/7
  2142 | D:2      | Found a broken altar of Ashenzari.
  2264 | D:3      | HP: 2/48 [orc priest/divine providence (11)]
  2266 | D:3      | Killed from afar by an orc priest

Illustrated notes

Levels and vault maps discovered:
D:1:      mrwooster_arrival_statue_3, layout_rooms,
          shapermc_ecumenical_altar_totnotflames, feat_on_display
D:2:      layout_loops_ring, basic_altar, minmay_misc_feat_tiny
D:3:      lemuel_castle_with_subvaults [lemuel_castle_interior_carwin_2],
          layout_rooms, nicolae_gozag_seed_capital, pf_just_have_faith,
          minmay_misc_feat_enclosed

Skill      XL: |  1  2  3 |
---------------+----------+-----
Fighting       | 3 |  3.8
Maces & Flails | 2 |  2.5
Shields        | 1 |  1.1
Throwing       | |  1.0
Dodging        | |  2.8
Spellcasting   | |  2.4
Translocations | |  2.6

Action                   |  1- 3 |  4- 6 || total
-------------------------+-------+-------++-------
Melee: Mace              |    91 |    22 ||   113
Throw: Dart              |    14 |     2 ||    16
  Use: Scroll            |     4 |       ||     4
       Potion            |       |     4 ||     4
Armor: Robe              |    21 |    12 ||    33
Dodge: Dodged            |    52 |    19 ||    71

Table legend: (Time is in decaauts)
 A = Elapsed time spent in this place.
 B = Non-inter-level travel time spent in this place.
 C = Inter-level travel time spent in this place.
 D = Time resting spent in this place.
 E = Time spent auto-exploring this place.
 F = Levels seen in this place.
 G = Mean time per level.
                   A        B        C        D        E       F      G
               +--------+--------+--------+--------+--------+-----+--------+
         Total |   2298 |   2263 |     35 |   1056 |    679 |   3 |  766.0 |
       Dungeon |   2298 |   2263 |     35 |   1056 |    679 |   3 |  766.0 |
               +--------+--------+--------+--------+--------+-----+--------+

Top non-repeatable levels by time:
     D:2: 1453 daAuts
     D:1: 815 daAuts
     D:3: 30 daAuts
